 Dungeon Crawl Stone Soup version 0.24-a0-769-g368c1644f8 (webtiles) character file.

Game seed: 1074364832314169166, levelgen mode: deterministic

146 Golodhrim the Slinger (level 5, -3/34 HPs)
             Began as a Halfling Hunter on Oct 5, 2019.
             Was an Initiate of Fedhas.
             Slain by Crazy Yiuf
             ... wielding a +4 quarterstaff of chaos
              (10 damage)
             ... on level 3 of the Dungeon.
             The game lasted 00:29:55 (2965 turns).

Golodhrim the Slinger (Halfling Hunter)             Turns: 2965, Time: 00:29:56

Health: -3/34      AC:  6    Str: 14    XL:     5   Next: 53%
Magic:  5/5        EV: 14    Int:  9    God:    Fedhas [......]
Gold:   122        SH:  0    Dex: 15    Spells: 4/4 levels left

rFire    . . .     SeeInvis .   a - +2 hunting sling
rCold    . . .     Gourm    .   (shield restricted)
rNeg     . . .     Faith    .   c - +0 leather armour
rPois    .         Spirit   .   (no helmet)
rElec    .         Reflect  .   (no cloak)
rCorr    .         Harm     .   (no gloves)
MR       .....                  r - +2 pair of boots
Stlth    ++........             (no amulet)
HPRegen  0.11/turn              (no ring)
MPRegen  0.09/turn              (no ring)

@: lethally poisoned (-3 -> -11)
A: small, mutation resistance 1
a: Renounce Religion


You were on level 3 of the Dungeon.
You worshipped Fedhas.
Fedhas was noncommittal.
You were hungry.

You visited 1 branch of the dungeon, and saw 4 of its levels.

You collected 122 gold pieces.

Inventory:

Hand Weapons
 a - a +2 hunting sling (weapon)
 i - a +1 dagger of draining
Missiles
 d - 6 sling bullets (quivered)
 g - 99 stones
Armour
 c - a +0 leather armour (worn)
 r - a +2 pair of boots (worn)
Jewellery
 s - an uncursed amulet of the gourmand {unknown}
 u - an uncursed amulet of harm {unknown}
Scrolls
 b - a scroll of identify {unknown}
 e - a scroll of teleportation {unknown}
 j - a scroll of fog {unknown}
 l - a scroll of enchant weapon
Potions
 h - a potion of experience {unknown}
 k - 2 potions of brilliance {unknown}
 m - a potion of curing {unknown}
 n - a potion of lignification {unknown}
 o - a potion of might {unknown}
 p - 2 potions of degeneration {unknown}
 q - a potion of flight {unknown}
 t - a potion of cancellation {unknown}
Comestibles
 f - 6 rations


   Skills:
 + Level 2.1 Fighting
 * Level 8.9 Slings
 + Level 2.3 Dodging
 + Level 1.2 Stealth


You had 4 spell levels left.
You didn't know any spells.
Your spell library was empty.

Dungeon Overview and Level Annotations

Branches:
Dungeon (4/15)
 Temple: D:4-7

Altars:
Cheibriados
Fedhas
Trog

Annotations:
D:3 Crazy Yiuf


Innate Abilities, Weirdness & Mutations

You are small and have problems with some larger weapons.
You are somewhat resistant to further mutation.


Message History

Aim: Crazy Yiuf, wielding a +4 quarterstaff of chaos and wearing a +0 cloak (severely wounded)
You shoot a sling bullet.
The sling bullet hits Crazy Yiuf but does no damage.
Crazy Yiuf is severely wounded.
Firing (i - inventory. (/) - cycle)
d - 7 sling bullets (quivered)
Press: ? - help, Shift-Dir - straight line, f/p - Crazy Yiuf
Aim: Crazy Yiuf, wielding a +4 quarterstaff of chaos and wearing a +0 cloak (severely wounded)
You shoot a sling bullet.
The sling bullet barely misses Crazy Yiuf.
You feel sick.
Crazy Yiuf hits you with a +4 quarterstaff of chaos!
* * * LOW HITPOINT WARNING * * *
As you read the scroll labeled LAEHOA WAMALLYDD, it crumbles to dust.
It is a scroll of enchant weapon.
Your +1 hunting sling glows red for a moment.
* * * LOW HITPOINT WARNING * * *
You feel sick.
Crazy Yiuf hits you with a +4 quarterstaff of chaos!
You die...
Fedhas appreciates your contribution to the ecosystem.

#.......##.#
#)#
#........###
#.#
######..##
#.# #..#
##### #.#
#..# #)(.#
#.# #.[##
#...# #.#
#...# .(.
#######.#
########.###
#g#
#.......#
.........#
♣@♣♣
#########
##########
♣♣.♣ # ♣.♣♣
########
♣♣.♣
.......#####
♣♣.♣♣
...........#
♣♣PP.♣
.#####.#####
♣.P.P♣ ..#
#.# #....#
..# #.#
#....#


You could see Crazy Yiuf.

Vanquished Creatures
  An orc wizard (D:3)
  A worker ant (D:2)
  2 worker ant zombies (D:4)
  An ooze (D:2)
  A dart slug (D:1)
  A leopard gecko (D:1)
  4 orcs
  A ball python (D:3)
  5 giant cockroaches
  7 goblins
  6 hobgoblins
  6 jackals (D:1)
  8 kobolds
  3 quokkas
  5 bats
  4 frilled lizards
  2 rats
58 creatures vanquished.

Notes
Turn   | Place    | Note
-------+----------+-------------------------------------------
     0 | D:1      | Golodhrim the Halfling Hunter began the quest for the Orb.
     0 | D:1      | Reached XP level 1. HP: 14/14 MP: 1/1
   152 | D:1      | Reached skill level 6 in Slings
   169 | D:1      | Reached XP level 2. HP: 19/19 MP: 2/2
   453 | D:1      | You fall into a shaft and drop 1 floor!
   455 | D:2      | Reached skill level 7 in Slings
   455 | D:2      | Reached XP level 3. HP: 24/24 MP: 3/3
   500 | D:2      | Reached XP level 4. HP: 20/29 MP: 4/4
   980 | D:2      | Reached skill level 8 in Slings
  1231 | D:2      | Found a snail-covered altar of Cheibriados.
  1562 | D:2      | Found a blossoming altar of Fedhas.
  1811 | D:2      | Became a worshipper of Fedhas Madash
  2259 | D:3      | Found a bloodstained altar of Trog.
  2296 | D:4      | Reached XP level 5. HP: 34/34 MP: 5/5
  2823 | D:3      | Found a runed translucent door.
  2824 | D:3      | Noticed Crazy Yiuf
  2965 | D:3      | Slain by Crazy Yiuf

Levels and vault maps discovered:
D:1:      dpeg_arrival_castle, layout_loops_ring
D:2:      layout_basic, fedhas_altar_4, cheibriados_altar_1,
          chequers_serial_rivers_small_3
D:3:      layout_loops_ring, bloody_trog, first_ration, st_stairs_8,
          uniq_crazy_yiuf_cottage
D:4:      layout_basic, serial_undead, serial_undead_b, serial_undead_c,
          serial_undead_c, serial_undead_b, serial_undead_c, serial_undead_c,
          serial_undead_a, serial_undead_d, serial_undead_d, serial_undead_b,
          uniq_edmund, uniq_eustachio

Skill      XL: |  1  2  3  4 |
---------------+-------------+-----
Slings         | 6 7 8 |  8.9
Fighting       | 2 |  2.1
Dodging        | |  2.3
Stealth        | |  1.2

Action                   |  1- 3 |  4- 6 || total
-------------------------+-------+-------++-------
Melee: Short sword       |     6 |       ||     6
 Fire: Hunting sling     |    54 |   136 ||   190
  Use: Scroll            |       |     3 ||     3
  Eat: Chunk             |       |     5 ||     5
Armor: Leather armour    |     1 |    12 ||    13
Dodge: Dodged            |    12 |    21 ||    33

Table legend:
 A = Non-vault XP
 B = Vault XP
 C = Vault XP percentage of total XP
 D = Non-vault monster count
 E = Vault monster count
 F = Vault count percentage of total count
                 A         B        C        D         E       F
            +---------+---------+-------+---------+---------+-------
      Total |     176 |      33 |  15.8 |      54 |       4 |   6.9
            +---------+---------+-------+---------+---------+-------
        D:1 |      43 |       0 |   0.0 |      24 |       0 |   0.0
        D:2 |      68 |       0 |   0.0 |      17 |       0 |   0.0
        D:3 |      61 |       3 |   4.7 |      11 |       2 |  15.4
        D:4 |       4 |      30 |  88.2 |       2 |       2 |  50.0
            +---------+---------+-------+---------+---------+-------
